 Dungeon Crawl Stone Soup version 0.29.1-12-g30fa7ad0bf (webtiles) character file.

Game seed: 1589892662855145428

108830 cheesebisquit the Severer (level 16, -2/141 HPs)
             Began as a Minotaur Berserker on Dec 25, 2022.
             Was an Elder of Trog.
             Succumbed to a death drake's dark miasma
             ... on level 1 of the Swamp.
             The game lasted 01:59:50 (26020 turns).

cheesebisquit the Severer (Minotaur Berserker)     Turns: 26020, Time: 01:59:50

Health: -2/141     AC: 29    Str: 35    XL:     16   Next: 3%
Magic:  15/15      EV: 14    Int:  4    God:    Trog [****..]
Gold:   1318       SH: 21    Dex: 17    Spells: 15/15 levels left

rFire   . . .      SeeInvis .   a - +3 war axe (elec)
rCold   . . .      Faith    .   X - +1 kite shield {reflect}
rNeg    . . .      Spirit   .   V - +3 plate armour
rPois   .          Reflect  +   (helmet restricted)
rElec   .          Harm     .   M - +2 cloak
rCorr   .          Rampage  .   N - +2 pair of gloves
Will    +....                   I - +2 pair of boots
Stlth   ..........              i - amulet of reflection
HPRegen 0.33/turn               f - +6 ring of dexterity
MPRegen 0.14/turn               U - +6 ring of strength

@: lethally poisoned (-2 -> -84), on berserk cooldown, slowed, studying Long
Blades, very slow
A: horns 2, retaliatory headbutt
a: Renounce Religion, Berserk, Trog's Hand, Brothers in Arms


You were on level 1 of the Swamp.
You worshipped Trog.
Trog was greatly pleased with you.
You visited 4 branches of the dungeon, and saw 23 of its levels.

You collected 2191 gold pieces.
You spent 873 gold pieces at shops.

Inventory:

Hand Weapons
 a - a +3 war axe of electrocution (weapon)
 b - a +0 sling
 o - a +0 morningstar
 Y - a +3 executioner's axe of freezing
Missiles
 c - 6 curare-tipped darts
 d - 4 throwing nets
 g - 146 stones (quivered)
 p - 35 poisoned darts
Armour
 I - a +2 pair of boots (worn)
 M - a +2 cloak (worn)
 N - a +2 pair of gloves (worn)
 P - a +0 leather armour of poison resistance
 S - a +1 kite shield
 V - a +3 plate armour (worn)
 X - a +1 kite shield of reflection (worn)
Jewellery
 f - a +6 ring of dexterity (left hand)
 i - an amulet of reflection (around neck)
 n - an amulet of guardian spirit
 r - an amulet of regeneration
 C - a ring of see invisible
 D - a +6 ring of dexterity
 J - a ring of flight
 R - a ring of positive energy
 U - a +6 ring of strength (right hand)
 W - a ring of protection from fire
Wands
 s - a wand of quicksilver (8)
 x - a wand of flame (22)
 L - a wand of paralysis (26)
 O - a wand of roots (9)
Scrolls
 h - 4 scrolls of brand weapon
 j - 9 scrolls of teleportation
 k - 2 scrolls of summoning
 m - 3 scrolls of magic mapping
 u - a scroll of fog
 v - a scroll of silence
 w - 4 scrolls of vulnerability
 E - 4 scrolls of blinking
 K - 3 scrolls of immolation
Potions
 e - a potion of ambrosia
 l - a potion of cancellation
 q - a potion of invisibility
 t - 7 potions of attraction
 y - 6 potions of mutation
 A - a potion of magic
 F - a potion of lignification
 G - 7 potions of curing
 H - a potion of haste
 Q - 2 potions of berserk rage
 T - 7 potions of heal wounds
Miscellaneous
 B - a phantom mirror


   Skills:
 + Level 12.5 Fighting
 + Level 20.6 Axes
 + Level 12.2 Armour
 + Level 11.2 Dodging
 + Level 19.0 Shields


You had 15 spell levels left.
You didn't know any spells.
Your spell library was empty.

Dungeon Overview and Level Annotations

Branches:
Dungeon (15/15)            Temple (0/1) D:4            Lair (5/5) D:8
  Swamp (1/4) Lair:3       Spider (0/4) Lair:3        Slime (0/5) Lair:5
    Orc (2/2) D:11            Elf (0/3) Orc:2        Vaults (0/5) D:14
 Depths (0/4) D:15

Altars:
Ashenzari
Nemelex Xobeh

Shops:
D:2 (   D:7 :   D:8 =   D:14 ?   Orc:2 :((!!

Annotations:
Lair:1 1 runed translucent door, Fiagud's ghost, novice VSBr
Lair:5 exclusion: obsidian statue


Innate Abilities, Weirdness & Mutations

You have a pair of horns on your head.
You reflexively headbutt those who attack you in melee.


Message History

You block the death drake's attack. x2
You miss the death drake.
You are engulfed in dark miasma.
You are more poisoned.
You feel as though you will be slow longer.
You feel extremely sick. You block the death drake's attack.
You feel much better.
You are engulfed in dark miasma.
You are more poisoned.
You feel as though you will be slow longer.
You feel the effects of Trog's Hand fading.
You feel extremely sick. The death drake breathes miasma at you.
The foul vapour engulfs you!!
You are more poisoned.
You block the death drake's attack.
Okay, then.
You completely miss the death drake.
You feel extremely sick. The death drake breathes miasma at you.
The foul vapour misses you. The death drake closely misses you.
Your unstable footing causes you to fumble your attack.
You are engulfed in dark miasma.
You are more poisoned.
You feel as though you will be slow longer.
* * * LOW HITPOINT WARNING * * *
You feel extremely sick. You block the death drake's attack.
Your unstable footing causes you to fumble your attack.
You are engulfed in dark miasma.
You are lethally poisoned!
You feel as though you will be slow longer.
* * * LOW HITPOINT WARNING * * *
x2 You feel extremely sick.
You block the death drake's attack. The death drake bites you.
* * * LOW HITPOINT WARNING * * *
You feel much better.
You are engulfed in dark miasma.
You are more poisoned.
* * * LOW HITPOINT WARNING * * *
Your skin stops crawling.
You feel less strong-willed.
You die...

♣♣♣♣♣♣♣♣♣♣ ♣♣♣♣♣♣♣ ♣♣♣
♣♣.♣♣.♣♣~~♣♣♣.♣~.~..
~♣~♣♣..§~.~....~........
~...♣~~..†~.~......§..§.
~..♣....~.§.†~.~§.~~.~.~
~~.♣.[.~...~~§........~.
..♣..~~~~~~~.)..@k..~...
.♣~.~.........~~.....§..
..~.~~~..§~..~....~~....
....♣.~...~....~.....~.~
§.......~.~~........~.~~
.~.~~~.........♣...♣...~
.~~.....♣♣♣.♣♣♣♣♣..♣....
..♣..~~♣♣ ♣♣ .♣♣ ~~.
.♣~~~♣♣♣


You could see a death drake.

Vanquished Creatures
  An orc warlord (Orc:1)
  3 dire elephants (Lair:5)
  Erolcha (D:11)
  5 boulder beetles
  3 hydras
  2 catoblepae
  Erica (Lair:1)
  4 centaur warriors
  7 two-headed ogres
  3 alligators
  3 death yaks (Lair:5)
  An orc high priest (Orc:2)
  A deep elf knight (D:14)
  Nergalle (Lair:3)
  2 spectral death yaks (Lair:5)
  5 skeletal warriors (D:13)
  Lodul (D:10)
  A spriggan druid (Swamp:1)
  A shadow dragon zombie (D:15)
  A steelbarb worm (shapeshifter) (D:15)
  2 tengu zombies (D:15)
  A spectral anaconda (Lair:5)
  Pikel (D:5)
  5 necromancers
  11 orc knights
  2 deep elf zephyrmancers (D:14)
  15 ugly things (D:15)
  2 deep elf pyromancers
  A phantasmal warrior (D:15)
  A tengu skeleton (D:15)
  A will-o-the-wisp (Lair:3)
  5 cyclopes
  3 manticores
  6 orc sorcerers
  37 elephants
  14 cane toads
  Maggie (D:7)
  2 gargoyles
  4 kobold demonologists
  An unseen horror (D:12)
  4 freezing wraiths
  3 komodo dragons
  4 yaktaurs
  Psyche (D:8)
  An efreet (D:14)
  2 guardian mummies (D:15)
  A polar bear (shapeshifter) (D:15)
  6 trolls
  A tyrant leech (Swamp:1)
  5 polar bears
  Grinder (D:6)
  2 hornets
  2 slime creatures (D:12)
  9 saltlings (Orc:2)
  Prince Ribbit (D:8)
  5 dream sheep (D:9)
  11 blink frogs
  6 shadows
  A spriggan (Swamp:1)
  43 yaks
  A vampire (D:11)
  A wyvern (D:9)
  2 wraiths (D:11)
  4 basilisks
  Eustachio (D:5)
  A redback (Lair:3)
  12 vampire mosquitoes
  Grum (D:10)
  2 steam dragons (D:9)
  A death yak simulacrum (Lair:5)
  2 swamp worms (Swamp:1)
  A naga (shapeshifter) (D:14)
  15 two-headed ogre zombies (D:11)
  A spectral cane toad (Lair:5)
  A warg (Orc:2)
  3 acid dragons
  11 water moccasins
  9 ice beasts
  2 black bears
  2 sky beasts (D:7)
  26 orc warriors
  An elephant zombie (Lair:5)
  11 ogres
  18 centaurs
  3 boggarts (D:15)
  25 wolves
  2 lemures (D:5)
  2 phantoms
  10 kobold brigands
  7 bullfrogs
  4 gnoll sergeants
  2 scorpions
  3 necrophages
  6 wights
  2 elephant simulacra (Lair:5)
  25 killer bees
  A troll zombie (D:11)
  5 electric eels
  6 howler monkeys
  A wyvern simulacrum (D:9)
  4 jellies
  2 gnoll boudas
  4 hounds
  Crazy Yiuf (D:6)
  12 orc priests
  9 orc wizards
  2 centaur simulacra (D:9)
  6 ogre zombies (D:11)
  19 gnolls
  4 adders
  2 white imps (D:9)
  5 ufetubi
  5 dart slugs
  A worm (D:2)
  59 orcs
  13 ball pythons
  15 endoplasms
  A giant cockroach (D:3)
  5 hobgoblins
  5 jackals
  5 kobolds
  8 quokkas
  9 bats
  7 frilled lizards
  13 goblins
  A goblin skeleton (D:11)
  3 goblin zombies (D:11)
  3 hobgoblin skeletons (D:11)
  2 hobgoblin zombies (D:11)
  An orc skeleton (D:11)
  15 orc zombies (D:11)
  7 rats
  2 pillars of salt (Orc:2)
754 creatures vanquished.

Vanquished Creatures (others)
  A white imp (D:9)
  An orc (Orc:2)
  6 foxfires (Lair:3)
  10 fungi
  2 pillars of salt (Orc:2)
  10 plants
  20 withered plants
50 creatures vanquished.

Grand Total: 804 creatures vanquished

Notes
Turn   | Place    | Note
-------+----------+-------------------------------------------
     0 | D:1      | cheesebisquit the Minotaur Berserker began the quest for
                  | the Orb.
     0 | D:1      | Reached XP level 1. HP: 19/19 MP: 0/0
   202 | D:1      | Reached XP level 2. HP: 24/27 MP: 1/1
   402 | D:1      | Found a faded altar of an unknown god.
   513 | D:1      | Reached skill level 4 in Axes
   532 | D:1      | Reached ** piety under Trog
   552 | D:1      | Reached XP level 3. HP: 30/33 MP: 2/2
  1584 | D:2      | Reached XP level 4. HP: 40/40 MP: 3/3
  1703 | D:2      | Found Zuustrod's Weapon Boutique.
  2479 | D:3      | Reached *** piety under Trog
  2529 | D:3      | Reached XP level 5. HP: 47/47 MP: 4/4
  2891 | D:4      | Found a staircase to the Ecumenical Temple.
  3122 | D:4      | Reached skill level 5 in Fighting
  3122 | D:4      | Reached skill level 5 in Axes
  3122 | D:4      | Reached XP level 6. HP: 51/56 MP: 3/5
  3672 | D:5      | Entered Level 5 of the Dungeon
  3765 | D:4      | Reached skill level 5 in Armour
  3765 | D:4      | Reached XP level 7. HP: 43/62 MP: 4/6
  3865 | D:5      | Reached skill level 6 in Axes
  3998 | D:5      | Noticed Pikel
  4014 | D:5      | Reached skill level 7 in Axes
  4014 | D:5      | Killed Pikel
  4015 | D:5      | Reached skill level 9 in Axes
  4015 | D:5      | Reached XP level 8. HP: 70/70 MP: 5/7
  4099 | D:5      | Reached skill level 10 in Axes
  4470 | D:5      | Reached skill level 11 in Axes
  4557 | D:5      | Noticed Eustachio
  4565 | D:5      | Killed Eustachio
  4746 | D:6      | Reached **** piety under Trog
  4772 | D:6      | Noticed Grinder
  4780 | D:6      | Killed Grinder
  4781 | D:6      | Reached skill level 12 in Axes
  4781 | D:6      | Reached XP level 9. HP: 68/75 MP: 8/8
  5078 | D:6      | Reached skill level 13 in Axes
  5231 | D:6      | Found a runed translucent door.
  5232 | D:6      | Noticed Crazy Yiuf
  5463 | D:6      | Killed Crazy Yiuf
  5803 | D:7      | Reached skill level 14 in Axes
  5960 | D:7      | Found Pelaf's Book Emporium.
  6118 | D:7      | Noticed Maggie
  6126 | D:7      | Killed Maggie
  6342 | D:8      | Noticed Psyche
  6348 | D:8      | Killed Psyche
  6349 | D:8      | Reached skill level 15 in Axes
  6403 | D:8      | Found Hoggemas's Jewellery Shop.
  6424 | D:8      | Found a staircase to the Lair.
  6526 | D:8      | Found a flagged portal.
  6582 | D:8      | Noticed Prince Ribbit
  6598 | D:8      | Killed Prince Ribbit
  6599 | D:8      | Reached XP level 10. HP: 29/83 MP: 4/9
  6989 | D:8      | Reached skill level 16 in Axes
  7424 | D:9      | Reached skill level 17 in Axes
  7516 | D:9      | Reached ***** piety under Trog
  7547 | D:9      | Reached skill level 1 in Shields
  7887 | D:9      | Reached XP level 11. HP: 89/89 MP: 7/10
  7972 | D:9      | Reached skill level 5 in Shields
  8248 | D:9      | Found a large runed translucent door.
  8250 | D:9      | Found a large runed translucent door.
  8327 | D:9      | Found the +5 robe of Night {Dark Will+ SInv}
  8524 | D:9      | Found a broken altar of Ashenzari.
  8537 | D:9      | Found a sparkling altar of Nemelex Xobeh.
  8775 | D:10     | Entered Level 10 of the Dungeon
  8775 | D:10     | Noticed a two-headed ogre
  8779 | D:10     | Killed a two-headed ogre
  8856 | D:10     | Noticed Grum
  8865 | D:10     | Killed Grum
  8899 | D:10     | Noticed a two-headed ogre
  8919 | D:10     | Killed a two-headed ogre
  8920 | D:10     | Reached skill level 10 in Shields
  9252 | D:10     | Noticed Lodul
  9275 | D:10     | Killed Lodul
  9816 | D:11     | Received a gift from Trog
  9978 | D:11     | Noticed a two-headed ogre
  9982 | D:11     | Killed a two-headed ogre
 10357 | D:11     | Reached XP level 12. HP: 84/95 MP: 11/11
 10475 | D:11     | Found a staircase to the Orcish Mines.
 10795 | D:11     | Noticed Erolcha
 10811 | D:11     | Killed Erolcha
 11204 | D:11     | Reached skill level 15 in Shields
 12959 | Lair:1   | Entered Level 1 of the Lair of Beasts
 12986 | Lair:1   | Noticed Erica
 12993 | Lair:1   | Killed Erica
 12994 | Lair:1   | Reached skill level 18 in Axes
 13168 | Lair:1   | Reached skill level 5 in Dodging
 13310 | Lair:1   | Found a runed translucent door.
 13310 | Lair:1   | Noticed Fiagud's ghost (novice VSBr)
 13817 | Lair:2   | Noticed a catoblepas
 13960 | Lair:2   | Killed a catoblepas
 14001 | Lair:2   | Noticed a six-headed hydra
 14009 | Lair:2   | Killed a six-headed hydra
 14010 | Lair:2   | Reached XP level 13. HP: 104/104 MP: 12/12
 15316 | Lair:3   | Noticed Nergalle
 15330 | Lair:3   | Killed Nergalle
 15597 | Lair:3   | Found a hole to the Spider Nest.
 15945 | Lair:3   | Found a staircase to the Swamp.
 17357 | Lair:5   | Entered Level 5 of the Lair of Beasts
 17499 | Lair:5   | Noticed a dire elephant
 17499 | Lair:5   | Noticed a dire elephant
 17500 | Lair:5   | Noticed a dire elephant
 17506 | Lair:5   | Reached skill level 19 in Axes
 17525 | Lair:5   | Reached XP level 14. HP: 118/118 MP: 13/13
 18199 | Lair:5   | Reached skill level 10 in Fighting
 18690 | Lair:5   | Found a staircase to the Slime Pits.
 19437 | D:8      | Bought a +6 ring of strength for 396 gold pieces
 19533 | Orc:1    | Entered Level 1 of the Orcish Mines
 19840 | Orc:2    | Entered Level 2 of the Orcish Mines
 19844 | Orc:2    | Paralysed by an orc sorcerer for 4 turns
 20194 | Orc:2    | Found a staircase to the Elven Halls.
 20343 | Orc:2    | Found Xiajouno's Distillery.
 20366 | Orc:2    | Bought a potion of heal wounds for 70 gold pieces
 20366 | Orc:2    | Bought a potion of heal wounds for 70 gold pieces
 20389 | Orc:2    | Reached skill level 10 in Armour
 20631 | Orc:2    | Found Ushonon's Antique Weapon Shop.
 20654 | Orc:2    | Found Utwusk's Weapon Shop.
 20808 | Orc:2    | Reached XP level 15. HP: 107/128 MP: 14/14
 20901 | Orc:2    | Found Gasuinwu's Book Emporium.
 21091 | Orc:2    | Found Bujuir's Distillery.
 21114 | Orc:2    | Bought 2 potions of heal wounds for 150 gold pieces
 21114 | Orc:2    | Bought a potion of heal wounds for 75 gold pieces
 21269 | Orc:1    | Noticed an orc warlord
 21295 | Orc:1    | Killed an orc warlord
 21296 | Orc:1    | Reached skill level 10 in Dodging
 21626 | D:13     | Reached skill level 20 in Axes
 22575 | D:14     | Found Yraanopt's Magic Scroll Boutique.
 22842 | D:14     | Received a gift from Trog
 22859 | D:14     | Found a gate to the Vaults.
 23701 | D:15     | Entered Level 15 of the Dungeon
 24444 | D:15     | Found a staircase to the Depths.
 25371 | D:14     | Bought a scroll of enchant armour for 112 gold pieces
 25782 | Swamp:1  | Entered Level 1 of the Swamp
 25962 | Swamp:1  | Reached XP level 16. HP: 133/141 MP: 15/15
 26020 | Swamp:1  | Succumbed to a death drake's dark miasma

Illustrated notes

Levels and vault maps discovered:
D:1:      giann_horns, layout_basic, dreamdust_ecumenical_altar_statues
D:2:      minmay_chambers_of_twos, layout_loops_ring, serial_shops,
          nicolae_shop_statue_plus, due_unseen_surprise
D:3:      layout_rooms
D:4:      layout_basic, minmay_temple_entry_butterflies
D:5:      layout_basic, uniq_pikel, uniq_eustachio
D:6:      layout_cave_pools, uniq_crazy_yiuf_cottage, uniq_grinder
D:7:      layout_basic, serial_shops, shop, uniq_maggie
D:8:      layout_basic, lair_entry_dummy, serial_shops, kennysheep_mini,
          enter_bailey_3, minmay_manual_mandibuliform, uniq_prince_ribbit1,
          uniq_psyche
D:9:      layout_cave_pools, jmf_multi_god_temple2, serial_ice, serial_ice_k,
          serial_ice_g, serial_ice_n, serial_ice_c, serial_ice_d, serial_ice_a,
          serial_ice_f, serial_ice_e, serial_ice_o, serial_ice_m, hex_tiny,
          hellmonk_guarded_unrand_night
D:10:     layout_rooms, uniq_grum, uniq_lodul
D:11:     lemuel_ogre_cave, layout_basic, zombieorc2_lemuel,
          hangedman_decor_riveting
D:12:     layout_loops_corners
D:13:     layout_long_grid, item_on_display_a
D:14:     layout_irregular_city, hangedman_vaults_entry_quadrant_bands,
          serial_shops, nicolae_shop_statue_plus, minmay_misc_feat_rugged,
          gauntlet_entry_generic
D:15:     gammafunk_depths_entry_grave, layout_loops_ring,
          portal_ice_cave_entry_frozen_things
Lair:1:   layout_long_grid, gammafunk_ghost_grave, uniq_erica
Lair:2:   layout_cave_pods, serial_rivers, chequers_serial_rivers_marsh,
          chequers_serial_rivers_micro_c, chequers_serial_rivers_small_b,
          chequers_serial_rivers_room_b
Lair:3:   layout_small_grid, minmay_swamp_entry_wisps, spider_nest_entry_rubble,
          uniq_nergalle
Lair:4:   layout_cave_pods
Lair:5:   due_jungle_book, layout_gridlike, nicolae_slime_entry_slimehenge
Swamp:1:  layout_falls_marsh, nicolae_swamp_godswood, swamp_pool3,
          hangedman_swamp_phenomena
Orc:1:    layout_caves, special_room [special_room_orc]
Orc:2:    hellmonk_orc_salted, layout_diamond_mine, serial_shops, shop_coins

Skill      XL: |  1  2  3  4  5  6  7  8  9 10 11 12 13 14 15 |
---------------+----------------------------------------------+-----
Axes           | 4 5 9 12 15 17 18 19 20 | 20.6
Fighting       | 4 5 6 9 10 12 | 12.5
Armour         | 3 4 5 6 8 10 12 | 12.2
Dodging        | 3 4 5 7 9 11 | 11.2
Shields        | 4 12 16 17 18 19 | 19.0

Action                   |  1- 3 |  4- 6 |  7- 9 | 10-12 | 13-15 | 16-18 || total
-------------------------+-------+-------+-------+-------+-------+-------++-------
Melee: Hand axe          |    99 |   114 |    60 |       |       |       ||   273
       Headbutt          |    17 |    24 |    33 |   131 |   274 |     3 ||   482
       Punch             |     1 |     1 |     1 |     1 |       |       ||     4
       War axe           |       |       |    92 |   571 |  1063 |    15 ||  1741
       Flail             |       |       |       |     3 |     8 |       ||    11
 Fire: Sling             |       |       |       |       |     3 |       ||     3
Invok: Berserk           |       |     1 |     7 |    16 |    32 |     1 ||    57
       Trog's Hand       |       |       |     5 |    12 |    33 |     1 ||    51
  Use: Scroll            |       |     3 |     8 |     8 |    14 |       ||    33
       Potion            |       |       |       |     5 |     6 |     2 ||    13
 Stab: Sleeping          |     1 |       |       |       |       |       ||     1
Armor: Leather armour    |    37 |       |       |       |       |       ||    37
       Animal skin       |     1 |       |       |       |       |       ||     1
       Scale mail        |       |    17 |       |       |       |       ||    17
       Chain mail        |       |    29 |    73 |       |       |       ||   102
       Storm dragon scal |       |       |     6 |   100 |       |       ||   106
       Plate armour      |       |       |       |   121 |   267 |     1 ||   389
Dodge: Dodged            |    67 |    58 |    80 |   172 |   224 |     2 ||   603
Block: Other             |       |    16 |       |       |       |       ||    16
       Kite shield       |       |       |       |   262 |   840 |    14 ||  1116
       Reflection        |       |       |       |    15 |    38 |     1 ||    54
